 Dungeon Crawl Stone Soup version 0.20.1-1-g8b1a95d (webtiles) character file.

169 Megalobster the Covered (level 5, -1/49 HPs)
             Began as a Deep Dwarf Fighter on Aug 1, 2017.
             Slain by an orc wizard
             ... wielding a +1 dagger of electrocution
              (9 damage)
             ... on level 3 of the Dungeon.
             The game lasted 00:06:03 (1676 turns).

Megalobster the Covered (Deep Dwarf Fighter)        Turns: 1676, Time: 00:06:04

Health: -1/49      AC:  9    Str: 22    XL:     5   Next: 25%
Magic:  14/14      EV:  5    Int:  9    God:
Gold:   168        SH:  9    Dex: 12    Spells: 4/4 levels left

rFire    . . .     SeeInvis .   a - +0 war axe
rCold    . . .     Gourm    .   c - +0 shield
rNeg     . . .     Faith    .   s - +0 chain mail
rPois    .         Spirit   .   (no helmet)
rElec    .         Reflect  .   (no cloak)
rCorr    .         Harm     .   (no gloves)
MR       .....     Clarity  +   (no boots)
Stlth    ..........             (no amulet)
Regen    0.0/turn               p - +2 ring of strength
MPRegen  0.2/turn               m - ring of magical power

@: non-regenerating
A: damage resistance, heal wounds, clarity, sense surroundings 1, no
regeneration
a: Heal Wounds


You were on level 3 of the Dungeon.
You were not hungry.

You visited 1 branch of the dungeon, and saw 3 of its levels.

You collected 168 gold pieces.

Inventory:

Hand Weapons
 a - a +0 war axe (weapon)
 k - a +0 hunting sling
Missiles
 e - 24 stones (quivered)
 r - 37 sling bullets
Armour
 b - a +0 scale mail
 c - a +0 shield (worn)
 i - a +0 scale mail
 s - a +0 chain mail (worn)
Jewellery
 m - a ring of magical power (right hand)
 p - a +2 ring of strength (left hand)
Scrolls
 h - a scroll of amnesia
 j - a scroll of teleportation {unknown}
 l - 4 scrolls of identify
 o - a scroll of fear
 u - a scroll of random uselessness {unknown}
Potions
 d - a potion of might
 n - 2 potions of agility
Comestibles
 f - 3 bread rations
 g - 4 chunks of flesh
 q - 4 fruits


   Skills:
 + Level 3.3 Fighting
 * Level 4.2 Axes
 + Level 4.2 Armour
 + Level 4.0 Shields


You had 4 spell levels left.
You didn't know any spells.

Dungeon Overview and Level Annotations

Branches:
Dungeon (3/15)

Altars:
Cheibriados
Beogh


Innate Abilities, Weirdness & Mutations

You are resistant to damage.
You can heal yourself by infusing magical energy.
You passively map a small area around you.
You do not regenerate.
You possess an exceptional clarity of mind.


Message History

You hear some strange, mumbled words.
A puff of flame appears from out of thin air!
The puff of flame hits you!
You hear some strange, mumbled words.
Something tries to affect you, but you resist.
You barely miss something. Something hits you but does no damage.
You are electrocuted!
Something hits you but does no damage.
You miss something. Something completely misses you.
You barely miss something. Something hits you but does no damage.
You barely miss something. Something hits you.
You hear some strange, mumbled words.
A magic dart appears from out of thin air!
The magic dart hits you!
You closely miss something. Something hits you.
You miss something. Something hits you but does no damage.
You are electrocuted!
* * * LOW HITPOINT WARNING * * *
You miss something.
Something hits you but does no damage. x2
You are electrocuted!
You die...

...#..#######< ..# #.# #
.#....###._.## *#.# #####.#####
###....#$8.8)# #.# #........##
.#..#.##$....#.###.####)###.##.##
......##.8)8)#..........# #.##.##
...######.).######.###### #......
...# ##)##.# #.# #.##.## ...#
#.....####.# #.#...# ...#
##......@..# #.#.#.# ...#
##.########* #.#...#
...########.# * ,, , #.##.##
..........#.# ### , #......
............## #.., ####.##
..........#..## #.# #.#
.....######.>.# #.# #.# ...#.#
#..## #.# ** #.# ...#.# #..####.#
#.##


There were no monsters in sight!

Vanquished Creatures
  2 orc priests (D:3)
  An orc wizard (D:3)
  2 adders
  3 worms
  2 dart slugs
  2 leopard geckos
  An orc (D:3)
  3 ball pythons
  6 bats
  A giant cockroach (D:1)
  4 goblins
  8 hobgoblins
  A quokka (D:3)
  3 frilled lizards
  6 kobolds
  8 rats
53 creatures vanquished.

Vanquished Creatures (others)
  5 toadstools (D:1)
5 creatures vanquished.

Grand Total: 58 creatures vanquished

Notes
Turn   | Place    | Note
-------+----------+-------------------------------------------
     0 | D:1      | Megalobster the Deep Dwarf Fighter began the quest for the Orb.
     0 | D:1      | Reached XP level 1. HP: 20/20 MP: 1/1
   147 | D:1      | Reached XP level 2. HP: 27/27 MP: 2/2
   484 | D:1      | Reached XP level 3. HP: 30/33 MP: 3/3
  1190 | D:2      | Reached XP level 4. HP: 18/42 MP: 4/4
  1287 | D:3      | Gained mutation: You are partially covered in yellow scales. (AC +2) [potion of mutation]
  1287 | D:3      | Gained mutation: You are partially covered in molten scales. (AC +2) [potion of mutation]
  1287 | D:3      | Gained mutation: You are partially covered in large bone plates. (SH +4) [potion of mutation]
  1288 | D:3      | Lost mutation: You are partially covered in yellow scales. (AC +2) [potion of mutation]
  1288 | D:3      | Lost mutation: You are partially covered in molten scales. (AC +2) [potion of mutation]
  1288 | D:3      | Lost mutation: You are partially covered in large bone plates. (SH +4) [potion of mutation]
  1288 | D:3      | Gained mutation: You possess an exceptional clarity of mind. [potion of mutation]
  1382 | D:3      | Found a snail-covered altar of Cheibriados.
  1651 | D:3      | Found a roughly hewn altar of Beogh.
  1658 | D:3      | Reached XP level 5. HP: 31/49 MP: 5/5
  1676 | D:3      | Slain by an orc wizard

Skill      XL: |  1  2  3  4  5 |
---------------+----------------+-----
Axes           | 3 4 |  4.2
Fighting       | 3 |  3.3
Armour         | 4 |  4.2
Shields        | 4 |  4.0

Action                   |  1- 3 |  4- 6 || total
-------------------------+-------+-------++-------
Melee: War axe           |   144 |    38 ||   182
Throw: Stone             |     9 |     5 ||    14
  Use: Potion            |       |     7 ||     7
       Scroll            |       |     3 ||     3
  Eat: Chunk             |     1 |     2 ||     3
Armor: Scale mail        |    64 |       ||    64
       Chain mail        |    10 |    25 ||    35
Dodge: Dodged            |    40 |     4 ||    44
Block: Shield            |    88 |    20 ||   108
